 Dungeon Crawl Stone Soup version 0.28-a0-239-g68911e0c57 (webtiles) character file.

Game seed: 13701107668345146497

587 Colgate the Basher (level 7, -2/47 HPs)
             Began as an Octopode Berserker on Aug 23, 2021.
             Was a Priest of Trog.
             Splashed by a jelly's acid (7 damage)
             ... on level 6 of the Dungeon.
             The game lasted 00:09:25 (4844 turns).

Colgate the Basher (Octopode Berserker)             Turns: 4844, Time: 00:09:25

Health: -2/47      AC: -7    Str: 16    XL:     7   Next: 38%
Magic:  7/7        EV: 14    Int:  9    God:    Trog [***...]
Gold:   155        SH:  0    Dex: 20    Spells: 6/6 levels left

rFire   . . .      SeeInvis .   Y - +0 flail
rCold   . . .      Faith    .   (no shield)
rNeg    . . .      Spirit   .   (helmet restricted)
rPois   .          Reflect  .   i - amulet of regeneration
rElec   .          Harm     .   f - +6 ring of dexterity
rCorr   .          Rampage  .   (no ring)
Will    .....                   (no ring)
Stlth   +++.......              (no ring)
HPRegen 1.15/turn               (no ring)
MPRegen 0.10/turn               (no ring)
                                (no ring)
                                (no ring)

@: corroded, on berserk cooldown, slowed, very slow
A: almost no armour, amphibious, 8 rings, camouflage 1, gelatinous body 1,
(nimble swimmer 1), tentacles
a: Renounce Religion, Berserk, Trog's Hand


You were on level 6 of the Dungeon.
You worshipped Trog.
Trog was most pleased with you.
You visited 1 branch of the dungeon, and saw 5 of its levels.

You collected 155 gold pieces.


Innate Abilities, Weirdness & Mutations

You cannot wear most types of armour.
You are amphibious.
You can wear up to eight rings at the same time.
Your skin changes colour to match your surroundings (Stealth+).
Your rubbery body absorbs attacks. (AC +1, EV +1)
((You are camouflaged near water. (Stealth+)))
You have tentacles for arms and can constrict up to eight enemies at once.


   Skills:
 + Level 3.7 Fighting
 - Level 8.0 Maces & Flails
 - Level 3.0 Dodging


You had 6 spell levels left.
You didn't know any spells.
Your spell library was empty.

Inventory:

Hand Weapons
 Y - a +0 flail (weapon)
Jewellery
 f - a +6 ring of dexterity (left tentacle)
 h - a ring of fire
 i - an amulet of regeneration (around mantle)
Wands
 j - a wand of polymorph (9)
Scrolls
 a - 2 scrolls of fear {unknown}
 e - a scroll of teleportation
 l - a scroll of identify
Potions
 b - a potion of curing {unknown}
 c - 2 potions of attraction {unknown}
 d - a potion of might {unknown}
 g - 2 potions of heal wounds {unknown}
 k - a potion of brilliance {unknown}

Dungeon Overview and Level Annotations

Branches:
Dungeon (6/15)
 Temple: D:4-7

Altars:
Hepliaklqana

Shops:
D:3 (


Message History

You hit the wight.
The wight is heavily damaged.
You constrict the wight. x2; The wight hits you with a +6 hand axe!
The wight barely misses you.
4827 ||| INVOKING Berserk.
A red film seems to cover your vision as you go berserk!
You feel yourself moving faster!
You feel mighty!
You constrict the wight, but do no damage.
You constrict the wight. The wight hits you with a +6 hand axe.
You feel drained. The wight hits you with a +4 war axe!
You thump the wight!
You destroy the wight!
Trog accepts your kill.
You constrict the wight. The wight hits you with a +6 hand axe!
You thump the wight!
You destroy the wight!
Trog accepts your kill.
Your life force feels restored.
You feel a strong urge to attack something.
You feel your anger nearly subside.
You are no longer berserk.
You are exhausted.
You feel yourself slow down.
A jelly comes into view.
The jelly quivers.
The jelly misses you.
You hit the jelly. The acid corrodes you!
Your tentacles burn!
You squeeze the jelly, but do no damage.
The jelly is lightly wounded.
The jelly closely misses you.
You hit the jelly but do no damage.
Your tentacles burn!
You squeeze the jelly, but do no damage.
The jelly is lightly wounded.
The jelly closely misses you. The jelly misses you.
You hit the jelly but do no damage.
Your tentacles burn!
You squeeze the jelly!
The jelly is severely wounded.
The jelly hits you. The acid corrodes you!
You are splashed with acid!
You hit the jelly.
Your tentacles burn!
Your squeeze misses the jelly.
The jelly is severely wounded.
The jelly closely misses you. The jelly hits you.
You are splashed with acid!
You die...

#.## #...
#..# .#
#..# <.
#..#
###.##..#
......)J#
#)@#
#..##
#>..#
#......#
#.##...#
# #.###
#.# #.#
#.#


You could see a jelly.

Vanquished Creatures
  A necrophage (D:4)
  A scorpion (D:3)
  2 wights (D:6)
  A hound (D:4)
  A jelly (D:4)
  2 orc priests
  An iguana (D:4)
  3 orc wizards
  5 adders
  A worm (D:2)
  A dart slug (D:2)
  16 orcs
  8 endoplasms
  A giant cockroach (D:1)
  13 goblins
  A hobgoblin (D:1)
  2 quokkas
  6 ball pythons
  4 bats
  5 frilled lizards
  4 kobolds
  9 rats
88 creatures vanquished.

Notes
Turn   | Place    | Note
-------+----------+-------------------------------------------
     0 | D:1      | Colgate the Octopode Berserker began the quest for the Orb.
     0 | D:1      | Reached XP level 1. HP: 16/16 MP: 1/1
     0 | D:1      | 0 ||| counter = 39
   486 | D:1      | Reached XP level 2. HP: 20/21 MP: 2/2
  1435 | D:1      | Reached skill level 4 in Maces & Flails
  1609 | D:1      | Reached XP level 3. HP: 26/26 MP: 3/3
  1710 | D:1      | 1710 ||| UPGRADING to +6 ring of dexterity.
  1711 | D:1      | 1711 ||| READING scroll labelled CURPHE NUTA.
  1712 | D:1      | 1712 ||| READING scroll labelled IFRAZI FOATYGG.
  1713 | D:1      | 1713 ||| READING scroll labelled JOREAL TOERAVIPN.
  1714 | D:1      | 1714 ||| READING scroll labelled DIEFOW UG ENU.
  1719 | D:1      | 1719 ||| READING scroll labelled HITHRE NEPNEA.
  1720 | D:1      | 1720 ||| DRINKING 4 emerald potions.
  1721 | D:1      | 1721 ||| DROPPING 3 potions of degeneration.
  1734 | D:2      | Reached ** piety under Trog
  1814 | D:2      | 1814 ||| STAIRDANCE
  1816 | D:1      | 1816 ||| INVOKING Berserk.
  2018 | D:1      | 2018 ||| SWAPPING to +0 flail.
  2019 | D:1      | 2019 ||| DROPPING +0 mace of protection.
  2038 | D:2      | 2038 ||| Stepping ~*~*~tactically~*~*~ (outnumbered).
  2039 | D:2      | 2039 ||| Stepping ~*~*~tactically~*~*~ (outnumbered).
  2040 | D:2      | 2040 ||| Stepping ~*~*~tactically~*~*~ (outnumbered).
  2058 | D:2      | 2058 ||| Stepping ~*~*~tactically~*~*~ (outnumbered).
  2059 | D:2      | 2059 ||| STAIRDANCE
  2066 | D:2      | 2066 ||| INVOKING Berserk.
  2070 | D:2      | 2070 ||| STAIRDANCE
  2248 | D:2      | 2248 ||| INVOKING Berserk.
  2251 | D:2      | Reached skill level 5 in Maces & Flails
  2251 | D:2      | Reached XP level 4. HP: 31/31 MP: 4/4
  2391 | D:2      | 2391 ||| STAIRDANCE
  3394 | D:3      | Noticed a scorpion
  3398 | D:3      | Killed a scorpion
  3399 | D:3      | Reached skill level 6 in Maces & Flails
  3399 | D:3      | Reached XP level 5. HP: 36/36 MP: 5/5
  3755 | D:3      | Found Tueg's Weapon Boutique.
  3988 | D:3      | 3988 ||| INVOKING Berserk.
  3999 | D:3      | Reached XP level 6. HP: 37/42 MP: 6/6
  4069 | D:3      | 4069 ||| UPGRADING to amulet of regeneration.
  4074 | D:3      | 4074 ||| READING scroll labelled URROKK YTIEWU.
  4075 | D:3      | 4075 ||| READING scroll labelled XEMMEU DOSUNIA.
  4230 | D:4      | Identified the +1 scale mail of the Poles {Harm Regen+}
  4311 | D:4      | Found a hazy altar of Hepliaklqana.
  4381 | D:4      | Reached *** piety under Trog
  4382 | D:4      | Reached skill level 7 in Maces & Flails
  4387 | D:4      | 4387 ||| INVOKING Berserk.
  4531 | D:4      | Noticed a necrophage
  4540 | D:4      | Killed a necrophage
  4541 | D:4      | Reached XP level 7. HP: 46/46 MP: 7/7
  4802 | D:4      | 4802 ||| Stepping ~*~*~tactically~*~*~ (outnumbered).
  4805 | D:4      | Reached skill level 8 in Maces & Flails
  4815 | D:4      | You fall into a shaft and drop 2 floors!
  4816 | D:6      | 4816 ||| Shafted from D:4 to D:6.
  4827 | D:6      | 4827 ||| INVOKING Berserk.
  4827 | D:6      | HP: 13/63 [wight (12)]
  4828 | D:6      | HP: 5/63 [wight (9)]
  4843 | D:6      | HP: 10/47 [acid (8)]
  4844 | D:6      | Splashed by a jelly's acid

Levels and vault maps discovered:
D:1:      dpeg_arrival_ratfight, layout_loops_corners
D:2:      layout_basic
D:3:      layout_loops_ring, serial_shops, nicolae_lakefront_shop
D:4:      layout_loops_corners, nicolae_overflow_hidden_temple, serial_shops,
          nicolae_lakefront_shop, minmay_statues_item
D:6:      layout_loops_ring, minmay_temple_entry_poolview, serial_shops,
          nicolae_diamond_shop, uniq_pikel

Skill      XL: |  1  2  3  4  5  6  7 |
---------------+----------------------+-----
Maces & Flails | 4 5 6 7 8 |  8.0
Fighting       | |  3.7
Dodging        | |  3.0

Action                   |  1- 3 |  4- 6 |  7- 9 || total
-------------------------+-------+-------+-------++-------
Melee: Mace              |    39 |       |       ||    39
       Constrict         |    15 |    23 |     6 ||    44
       Tentacles         |     8 |    20 |     6 ||    34
       Flail             |    14 |    75 |    15 ||   104
Invok: Berserk           |     3 |     2 |     1 ||     6
  Use: Scroll            |     5 |     2 |       ||     7
       Potion            |     1 |       |       ||     1
 Stab: Sleeping          |     1 |       |       ||     1
       Distracted        |       |     1 |       ||     1
Armor: Skin              |     3 |     4 |       ||     7
Dodge: Dodged            |    18 |    37 |     8 ||    63

Table legend:
 A = Non-vault XP
 B = Vault XP
 C = Vault XP percentage of total XP
 D = Non-vault monster count
 E = Vault monster count
 F = Vault count percentage of total count
                 A         B        C        D         E       F
            +---------+---------+-------+---------+---------+-------
      Total |     834 |       5 |   0.6 |      83 |       5 |   5.7
            +---------+---------+-------+---------+---------+-------
        D:1 |      36 |       5 |  12.2 |      21 |       5 |  19.2
        D:2 |      99 |       0 |   0.0 |      22 |       0 |   0.0
        D:3 |     215 |       0 |   0.0 |      22 |       0 |   0.0
        D:4 |     365 |       0 |   0.0 |      16 |       0 |   0.0
        D:6 |     119 |       0 |   0.0 |       2 |       0 |   0.0
            +---------+---------+-------+---------+---------+-------
